 Dungeon Crawl Stone Soup version 0.25-a0-589-g1e14c549ee (webtiles) character file.

Game seed: 16733439473020216879, levelgen mode: deterministic

343 EriolAelfwine the Charmwright (level 6, -1/46 HPs)
             Began as a Merfolk Skald on Mar 9, 2020.
             Slain by an orc priest
             ... wielding a +0 morningstar
              (3 damage)
             ... on level 5 of the Dungeon.
             The game lasted 00:11:36 (4274 turns).

EriolAelfwine the Charmwright (Merfolk Skald)       Turns: 4274, Time: 00:11:36

Health: -1/46      AC:  6    Str: 12    XL:     6   Next: 57%
Magic:  8/9        EV: 13    Int: 14    God:
Gold:   167        SH:  3    Dex: 13    Spells: 3/9 levels left

rFire    . . .     SeeInvis .   a - +0 spear
rCold    . . .     Gourm    .   (no shield)
rNeg     . . .     Faith    .   b - +0 leather armour
rPois    .         Spirit   .   n - +0 helmet
rElec    .         Reflect  +   (no cloak)
rCorr    .         Harm     .   (no gloves)
MR       .....                  g - +1 pair of boots
Stlth    +.........             p - +3 amulet of reflection
HPRegen  0.15/turn              (no ring)
MPRegen  0.11/turn              (no ring)

@: no status effects
A: change form in water, swift swim, stealthy swim
a: no special abilities


You were on level 5 of the Dungeon.
You were not hungry.

You visited 1 branch of the dungeon, and saw 6 of its levels.

You collected 167 gold pieces.

Inventory:

Hand Weapons
 a - a +0 spear (weapon)
Armour
 b - a +0 leather armour (worn)
 g - a +1 pair of boots (worn)
 n - a +0 helmet (worn)
Jewellery
 p - a +3 amulet of reflection (around neck)
Wands
 u - a wand of acid (10)
 v - a wand of iceblast (6)
Scrolls
 c - a scroll of enchant weapon {unknown}
 f - a scroll of random uselessness {unknown}
 h - a scroll of blinking {unknown}
 i - 3 scrolls of teleportation {unknown}
 q - a scroll of remove curse {unknown}
 s - 2 scrolls of identify {unknown}
 t - a scroll of fog {unknown}
Potions
 e - a potion of heal wounds {unknown}
 j - a potion of invisibility {unknown}
 k - a potion of flight {unknown}
 l - 2 potions of magic {unknown}
 m - a potion of curing {unknown}
 o - a potion of lignification {unknown}
 r - a potion of degeneration {unknown}
Comestibles
 d - 6 rations


   Skills:
 + Level 2.9 Fighting
 + Level 5.1 Polearms
 - Level 0.6 Armour
 + Level 3.3 Dodging
 + Level 2.4 Spellcasting
 + Level 1.1 Hexes
 * Level 5.3 Charms
 - Level 2.0 Translocations


You had 3 spell levels left.
You knew the following spells:

 Your Spells              Type           Power        Failure   Level  Hunger
a - Infusion              Chrm           ###.         3%          1    #......
b - Shroud of Golubria    Chrm/Tloc      ##....       10%         2    ###....
c - Spectral Weapon       Hex/Chrm       ##......     22%         3    ###....

Your spell library contained the following spells:

 Spells                   Type           Power        Failure   Level  Hunger
 Song of Slaying          Chrm           ###.....     4%          2    ###....
 Apportation              Tloc           #.....       13%         1    #......
 Corona                   Hex            #......      19%         1    #......
 Animate Skeleton         Necr           N/A          28%         1    #......
 Summon Small Mammal      Summ           #...         28%         1    #......
 Ozocubu's Armour         Chrm/Ice       #.......     28%         3    ###....


Dungeon Overview and Level Annotations

Branches:
Dungeon (6/15)
 Temple: D:4-7

Altars:
Makhleb
Uskayaw
Zin


Message History

The orc priest barely misses you.
Attack whom?
Press: ? - help, Dir - move target cursor, f/p - orc priest
Aim: an orc priest, wielding a +0 morningstar and wearing a +0 scale mail (lightly wounded)
You closely miss the orc priest.
The orc priest is lightly wounded.
The orc priest hits you with a +0 morningstar.
* * * LOW HITPOINT WARNING * * *
Attack whom?
Press: ? - help, Dir - move target cursor, f/p - orc priest
Aim: an orc priest, wielding a +0 morningstar and wearing a +0 scale mail (lightly wounded)
You hit the orc priest but do no damage.
The orc priest is lightly wounded.
Attack whom?
Press: ? - help, Dir - move target cursor, f/p - orc priest
Aim: an orc priest, wielding a +0 morningstar and wearing a +0 scale mail (lightly wounded)
You closely miss the orc priest.
The orc priest is lightly wounded.
The orc priest hits you with a +0 morningstar.
You die...

##+ .. .. .#####
#....# #....#
#....+
########o@..#
#......o#####
#.......#
#.......#
#.......# ..
#.......# ...
#.>.....#####...
#...............
#...............


You could see an orc priest and an orc.

Vanquished Creatures
  A wyvern skeleton (D:6)
  A howler monkey (D:4)
  An orc priest (D:3)
  Jessica (D:2)
  Robin (D:3)
  5 adders
  2 oozes (D:1)
  An adder skeleton (D:6)
  A worm (D:4)
  3 dart slugs
  4 leopard geckos
  6 orcs
  8 bats
  6 giant cockroaches
  25 goblins
  10 hobgoblins
  6 jackals
  2 quokkas (D:3)
  4 frilled lizards
  8 kobolds
  2 quokka skeletons (D:4)
  8 rats
106 creatures vanquished.

Notes
Turn   | Place    | Note
-------+----------+-------------------------------------------
     0 | D:1      | EriolAelfwine the Merfolk Skald began the quest for the
                  | Orb.
     0 | D:1      | Reached XP level 1. HP: 16/16 MP: 3/3
    59 | D:1      | Reached XP level 2. HP: 21/22 MP: 5/5
    79 | D:1      | Learned a level 2 spell: Shroud of Golubria
   236 | D:1      | Reached XP level 3. HP: 22/27 MP: 6/6
   241 | D:1      | Learned a level 3 spell: Spectral Weapon
   967 | D:1      | Reached skill level 1 in Translocations
  1029 | D:2      | Found a burning altar of Makhleb.
  1032 | D:2      | Found a glowing silver altar of Zin.
  1032 | D:2      | Noticed an angel
  1033 | D:2      | Noticed a blizzard demon
  1251 | D:2      | Reached XP level 4. HP: 30/33 MP: 4/7
  1286 | D:2      | Noticed Jessica
  1298 | D:2      | Killed Jessica
  1843 | D:2      | Reached XP level 5. HP: 33/38 MP: 4/8
  2247 | D:3      | Noticed Robin
  2316 | D:3      | Killed Robin
  2905 | D:3      | Reached skill level 5 in Charms
  2905 | D:3      | Reached XP level 6. HP: 38/46 MP: 9/9
  3540 | D:4      | Reached skill level 5 in Polearms
  3642 | D:4      | Found a hide-covered altar of Uskayaw.
  3824 | D:4      | You fall into a shaft and drop 2 floors!
  3840 | D:6      | Reached skill level 1 in Hexes
  4102 | D:5      | Entered Level 5 of the Dungeon
  4272 | D:5      | HP: 1/46 [orc priest/+0 morningstar (4)]
  4274 | D:5      | Slain by an orc priest

Levels and vault maps discovered:
D:1:      sevenhm_arrival_forest_fort_small_4, layout_basic,
          minmay_misc_feat_tower
D:2:      layout_loops_ring, grunt_temple_overflow_order_and_chaos_2,
          minmay_increasing_density, uniq_jessica
D:3:      layout_basic, uniq_robin
D:4:      layout_loops_ring, dancing_weapons_uskayaw
D:5:      layout_gridville, minmay_temple_entry_junction, first_ration
D:6:      layout_rooms, xom_teletrap_fun, nicolae_overflow_hidden_temple

Skill      XL: |  1  2  3  4  5  6 |
---------------+-------------------+-----
Charms         | 4 5 |  5.3
Translocations | 1 2 |  2.0
Polearms       | 4 5 |  5.1
Dodging        | 3 |  3.3
Hexes          | 1 |  1.1
Fighting       | |  2.9
Armour         | |  0.6
Spellcasting   | |  2.4

Action                   |  1- 3 |  4- 6 || total
-------------------------+-------+-------++-------
Melee: Spear             |   136 |   317 ||   453
 Cast: Shroud of Golubri |     1 |    14 ||    15
 Stab: Distracted        |       |     1 ||     1
  Eat: Chunk             |     1 |     9 ||    10
       Ration            |       |     1 ||     1
Armor: Leather armour    |    19 |    52 ||    71
Dodge: Dodged            |    76 |   166 ||   242
Block: Other             |       |    15 ||    15
       Reflection        |       |     3 ||     3

Table legend:
 A = Non-vault XP
 B = Vault XP
 C = Vault XP percentage of total XP
 D = Non-vault monster count
 E = Vault monster count
 F = Vault count percentage of total count
                 A         B        C        D         E       F
            +---------+---------+-------+---------+---------+-------
      Total |     412 |      78 |  15.9 |      90 |      16 |  15.1
            +---------+---------+-------+---------+---------+-------
        D:1 |      64 |       0 |   0.0 |      29 |       0 |   0.0
        D:2 |      83 |      46 |  35.7 |      26 |       6 |  18.8
        D:3 |     114 |      32 |  21.9 |      25 |      10 |  28.6
        D:4 |      64 |       0 |   0.0 |       4 |       0 |   0.0
        D:5 |      10 |       0 |   0.0 |       4 |       0 |   0.0
        D:6 |      77 |       0 |   0.0 |       2 |       0 |   0.0
            +---------+---------+-------+---------+---------+-------
